 Dungeon Crawl Stone Soup version 0.24.0-13-gcf9b319 (webtiles) character file.

Game seed: 2553177306658793794, levelgen mode: deterministic

450 Bronimir the Stinger (level 7, -3/48 HPs)
             Began as a Formicid Venom Mage on Mar 21, 2020.
             Slain by a hound (4 damage)
             ... on level 4 of the Dungeon.
             The game lasted 00:11:31 (4490 turns).

Bronimir the Stinger (Formicid Venom Mage)          Turns: 4490, Time: 00:11:31

Health: -3/48      AC:  3    Str: 19    XL:     7   Next: 25%
Magic:  1/11       EV: 12    Int: 15    God:
Gold:   155        SH:  0    Dex: 11    Spells: 6/12 levels left

rFire    . . .     SeeInvis +   a - +1 war axe
rCold    . . .     Gourm    .   (no shield)
rNeg     . . .     Faith    .   u - +0 leather armour
rPois    .         Spirit   .   (helmet unavailable)
rElec    .         Reflect  .   (no cloak)
rCorr    .         Harm     .   (no gloves)
MR       .....                  (no boots)
Stlth    ++........             (no amulet)
HPRegen  0.16/turn              (no ring)
MPRegen  0.12/turn              (no ring)

@: mighty
A: permanent stasis, dig shafts and tunnels, four strong arms, antennae 3
a: Dig, Shaft Self


You were on level 4 of the Dungeon.
You were not hungry.

You visited 1 branch of the dungeon, and saw 4 of its levels.

You collected 155 gold pieces.

Inventory:

Hand Weapons
 a - a +1 war axe (weapon)
 e - a +0 club
 v - a +2 short sword of electrocution
Missiles
 b - 94 stones (quivered)
 g - 65 arrows
 k - 19 sling bullets
Armour
 r - a +0 robe
 s - a +0 ring mail
 u - a +0 leather armour (worn)
Scrolls
 j - 3 scrolls of remove curse {unknown}
 l - 7 scrolls of identify {unknown}
 m - a scroll of random uselessness {unknown}
 n - a scroll of amnesia {unknown}
 p - a scroll of fog {unknown}
 t - a scroll of fear {unknown}
Potions
 i - a potion of might
 o - a potion of mutation {unknown}
 q - a potion of flight {unknown}
Comestibles
 c - 3 rations


   Skills:
 + Level 1.5 Fighting
 + Level 2.2(2.3) Axes
 + Level 0.5(1.5) Maces & Flails
 * Level 2.6 Armour
 + Level 3.0 Dodging
 - Level 2.6 Stealth
 + Level 0.2 Unarmed Combat
 + Level 3.3 Spellcasting
 + Level 1.1 Conjurations
 * Level 6.5 Poison Magic


You had 6 spell levels left.
You knew the following spells:

 Your Spells              Type           Power        Failure   Level  Hunger
a - Sting                 Conj/Pois      ##..         4%          1    #......
b - Poisonous Vapours     Pois/Air       ##....       10%         2    ##.....
c - Mephitic Cloud        Conj/Pois/Air  ##......     24%         3    ###....

Your spell library contained the following spells:

 Spells                   Type           Power        Failure   Level  Hunger
 Olgreb's Toxic Radiance  Pois           ###.....     16%         4    #####..
 Venom Bolt               Conj/Pois      ##........   78%         5    ######.


Dungeon Overview and Level Annotations

Branches:
Dungeon (4/15)
 Temple: D:4-7

Altars:
Makhleb
Xom


Innate Abilities, Weirdness & Mutations

You cannot be hasted, slowed, berserked, paralysed or teleported.
You can dig through walls and to a lower floor.
Your four strong arms can wield two-handed weapons with a shield.
You have a pair of large antennae on your head. (SInv)


Message History

Press: ? - help, Shift-Dir - straight line, f/p - hound
Aim: a hound (severely wounded, poisoned)
The sting hits the hound but does no damage.
The hound looks even sicker.
The hound is severely wounded.
The hound barks!
The hound barely misses you. The hound bites you.
* * * LOW HITPOINT WARNING * * *
Casting: Sting (safe; 4% risk of failure)
Confirm with . or Enter, or press ? or * to list all spells.
Aiming: Sting (safe; 4% risk of failure)
Press: ? - help, Shift-Dir - straight line, f/p - hound
Aim: a hound (severely wounded, poisoned)
The sting hits the hound.
The hound looks as sick as possible!
The hound is almost dead.
You kill the hound!
It was a potion of might.
You feel very mighty all of a sudden. The hound bites you.
You die...

########## #........#
########.....)..# ####
..............<.###....
#####..............#..
#h@......(.....#..#
#........[.........#
#.$.................##
...##........<.......#
.# #................#
.............).>.#
##.!..............#
##..............##
#.....#......##


You could see a hound.

Vanquished Creatures
  An ogre (D:4)
  A scorpion (D:3)
  A howler monkey (D:3)
  A hound (D:4)
  2 orc priests (D:3)
  Terence (D:3)
  An orc wizard (D:3)
  A gnoll (D:1)
  8 adders
  A worm (D:3)
  A dart slug (D:1)
  A leopard gecko (D:1)
  5 orcs
  2 bats
  3 giant cockroaches
  6 goblins
  9 hobgoblins
  2 quokkas (D:3)
  A ball python (D:3)
  4 frilled lizards
  3 kobolds
  5 rats
60 creatures vanquished.

Vanquished Creatures (others)
  5 toadstools (D:1)
5 creatures vanquished.

Grand Total: 65 creatures vanquished

Notes
Turn   | Place    | Note
-------+----------+-------------------------------------------
     0 | D:1      | Bronimir the Formicid Venom Mage began the quest for the
                  | Orb.
     0 | D:1      | Reached XP level 1. HP: 13/13 MP: 3/3
    71 | D:1      | Reached XP level 2. HP: 8/19 MP: 0/5
   475 | D:1      | Reached XP level 3. HP: 11/24 MP: 3/6
   669 | D:1      | Learned a level 2 spell: Poisonous Vapours
   673 | D:1      | Learned a level 3 spell: Mephitic Cloud
   954 | D:1      | Reached skill level 5 in Poison Magic
  1157 | D:1      | Reached skill level 1 in Conjurations
  1684 | D:2      | Found a shimmering altar of Xom.
  1821 | D:3      | Found a faded altar of an unknown god.
  1836 | D:3      | Reached XP level 4. HP: 19/30 MP: 1/7
  2114 | D:3      | Found a burning altar of Makhleb.
  2560 | D:3      | Reached XP level 5. HP: 34/36 MP: 0/9
  2703 | D:3      | Reached skill level 1 in Armour
  3241 | D:3      | Reached skill level 1 in Fighting
  3241 | D:3      | Reached skill level 6 in Poison Magic
  3241 | D:3      | Reached XP level 6. HP: 37/43 MP: 5/10
  3485 | D:3      | Noticed Terence
  3492 | D:3      | Killed Terence
  3492 | D:3      | Reached skill level 1 in Axes
  4013 | D:4      | Noticed an ogre
  4478 | D:4      | Killed an ogre
  4478 | D:4      | Reached XP level 7. HP: 4/48 MP: 5/11
  4478 | D:4      | HP: 2/48 [hound (2)]
  4485 | D:4      | HP: 2/48 [hound (1)]
  4490 | D:4      | Slain by a hound

Levels and vault maps discovered:
D:1:      ldierk_walled_garden, layout_loops_corners
D:2:      layout_rooms, old_standard_altar
D:3:      layout_basic, chequers_ecumenical_altar_simple, bloody_makhleb,
          uniq_terence
D:4:      layout_rooms

Skill      XL: |  1  2  3  4  5  6 |
---------------+-------------------+-----
Dodging        | 2 3 |  3.0
Poison Magic   | 5 6 |  6.5
Conjurations   | 1 |  1.1
Armour         | 1 2 |  2.6
Fighting       | 1 |  1.5
Spellcasting   | 3 |  3.3
Axes           | 2 |  2.2
Maces & Flails | |  0.5
Stealth        | |  2.6
Unarmed Combat | |  0.2

Action                   |  1- 3 |  4- 6 |  7- 9 || total
-------------------------+-------+-------+-------++-------
Melee: Unarmed           |     5 |       |       ||     5
       Club              |    64 |    23 |       ||    87
       War axe           |       |    60 |       ||    60
Throw: Stone             |       |     1 |       ||     1
 Cast: Sting             |    13 |    17 |     3 ||    33
       Poisonous Vapours |     9 |    25 |     2 ||    36
       Mephitic Cloud    |       |     2 |       ||     2
  Use: Potion            |       |     2 |     1 ||     3
       Scroll            |       |     1 |       ||     1
 Stab: Sleeping          |     3 |     1 |       ||     4
       Confused          |       |     3 |       ||     3
  Eat: Chunk             |     3 |     8 |       ||    11
       Ration            |       |     1 |       ||     1
Armor: Robe              |    12 |    11 |       ||    23
       Leather armour    |       |     6 |     2 ||     8
Dodge: Dodged            |    50 |    71 |     4 ||   125
